 Dungeon Crawl Stone Soup version 0.20.1-1-g8b1a95d (webtiles) character file.

176 darkhara the Firebug (level 5, -3/40 HPs)
             Began as a Draconian Fire Elementalist on Sept 7, 2017.
             Slain by an ogre
             ... wielding a +0 giant club
              (15 damage)
             ... on level 4 of the Dungeon.
             The game lasted 00:30:50 (4735 turns).

darkhara the Firebug (Draconian Fire Elementalist)  Turns: 4735, Time: 00:30:51

Health: -3/40      AC:  5    Str: 11    XL:     5   Next: 30%
Magic:  1/9        EV: 13    Int: 16    God:
Gold:   109        SH:  0    Dex: 11    Spells: 0/9 levels left

rFire    . . .     SeeInvis .   (no weapon)
rCold    . . .     Gourm    .   (no shield)
rNeg     . . .     Faith    .   (armour unavailable)
rPois    .         Spirit   .   (helmet restricted)
rElec    .         Reflect  .   (no cloak)
rCorr    .         Harm     .   (no gloves)
MR       .....                  (no boots)
Stlth    ++........             (no amulet)
Regen    0.2/turn               (no ring)
MPRegen  0.2/turn               (no ring)

@: no status effects
A: unfitting armour, antennae 1, big wings, blink, cold-blooded, AC +5
a: Fly, Blink


You were on level 4 of the Dungeon.
You were very hungry.

You visited 1 branch of the dungeon, and saw 4 of its levels.

You collected 109 gold pieces.

Inventory:

Hand Weapons
 c - a +0 dagger
 f - a +0 short sword
Missiles
 e - 5 tomahawks (quivered)
Armour
 g - a +0 animal skin
Scrolls
 b - 2 scrolls of teleportation
 i - 2 scrolls of remove curse
 k - a scroll of amnesia {unknown}
 m - a scroll of blinking {unknown}
 o - a scroll of enchant armour
Potions
 d - a potion of lignification
 n - a potion of might {unknown}
Books
 a - a book of Flames

   Spells                             Type                      Level
   a - Flame Tongue                   Conjuration/Fire             1
   b - Throw Flame                    Conjuration/Fire             2
   c - Conjure Flame                  Conjuration/Fire             3
   d - Inner Flame                    Hexes/Fire                   3
   e - Sticky Flame                   Conjuration/Fire             4
   f - Fireball                       Conjuration/Fire             5
Comestibles
 h - a bread ration
 j - 2 fruits
 l - a meat ration


   Skills:
 + Level 1.0 Fighting
 + Level 1.7 Short Blades
 + Level 3.1 Dodging
 + Level 1.8 Stealth
 + Level 2.7 Spellcasting
 + Level 2.0 Conjurations
 + Level 3.7 Fire Magic


You couldn't memorise any spells.
You knew the following spells:

 Your Spells              Type           Power        Failure   Level  Hunger
a - Flame Tongue          Conj/Fire      ##...        6%          1    #......
b - Fireball              Conj/Fire      ##........   86%         5    ######.
c - Conjure Flame         Conj/Fire      ##......     19%         3    ###....


Dungeon Overview and Level Annotations

Branches:
Dungeon (4/15)
 Temple: D:4-7

Altars:


Innate Abilities, Weirdness & Mutations

Your plain brown scales are hard. (AC +5)
You cannot fit into any form of body armour.
You are cold-blooded and may be slowed by cold attacks.
You have a pair of small antennae on your head.
Your large and strong wings let you fly indefinitely.
You can translocate small distances at will.


Message History

The ogre is heavily wounded.
The ogre hits you with a giant club!!
Ouch! That really hurt!
* * * LOW HITPOINT WARNING * * *
The ogre misses you.
Your magical contamination has completely faded away.
Casting: Flame Tongue
Confirm with . or Enter, or press ? or * to list all spells.
Aiming: Flame Tongue
Press: ? - help, Shift-Dir - straight line, f/p - ogre
Aim: an ogre, wielding a giant club (moderately wounded)
The flame tongue hits the ogre.
The ogre is heavily wounded.
The ogre barely misses you.
Really attack barehanded? [Y]es or [N]o only, please.
Really attack barehanded?
Okay, then.
The ogre hits you with a giant club!
You die...

#...# #...........##... #...#
#................ #...#
#.......#.#.##... #...#
#...........##########
#####...####.......#.###.........
...[...............#.###......#
...................#......<...#
.................O.#####......#
###.#...#.####..@..# #......#
#>#...#.# ####.## ######.#
#.#...#.# #.# #... #.#...#.# ..#
####. #.#...#.# # #..#
#.).....#.####...
###..........#.## #.#####.##.#.
... ...


You could see an ogre.

Vanquished Creatures
  An orc priest (D:3)
  Robin (D:3)
  5 adders
  A worm (D:2)
  2 dart slugs (D:2)
  3 leopard geckos
  3 orcs (D:3)
  A ball python (D:2)
  5 bats
  3 giant cockroaches
  13 goblins
  8 hobgoblins
  4 jackals (D:2)
  A quokka (D:3)
  12 frilled lizards
  6 kobolds
  9 rats
78 creatures vanquished.

Notes
Turn   | Place    | Note
-------+----------+-------------------------------------------
     0 | D:1      | darkhara the Draconian Fire Elementalist began the quest for the Orb.
     0 | D:1      | Reached XP level 1. HP: 14/14 MP: 3/3
     6 | D:1      | Noticed a swamp drake
     6 | D:1      | Noticed an anaconda
     7 | D:1      | Noticed a wolf
   602 | D:1      | Reached XP level 2. HP: 20/20 MP: 0/5
   719 | D:1      | Gained mutation: You have a pair of small antennae on your head. [potion of mutation]
   719 | D:1      | Gained mutation: Your large and strong wings let you fly indefinitely. [potion of mutation]
   719 | D:1      | Gained mutation: You can translocate small distances at will. [potion of mutation]
  1193 | D:2      | Reached XP level 3. HP: 11/26 MP: 6/6
  1950 | D:2      | Reached XP level 4. HP: 34/34 MP: 4/7
  2139 | D:2      | Reached skill level 1 in Fighting
  2241 | D:3      | Reached skill level 1 in Short Blades
  2676 | D:3      | Noticed Robin
  2687 | D:3      | Killed Robin
  2855 | D:3      | HP: 1/35 [orc priest/nerve-wracking pain (11)]
  2857 | D:3      | Reached XP level 5. HP: 2/40 MP: 1/9
  3306 | D:3      | Found a faded altar of an unknown god.
  4011 | D:3      | Learned a level 5 spell: Fireball
  4015 | D:3      | Learned a level 3 spell: Conjure Flame
  4604 | D:4      | Noticed an ogre
  4735 | D:4      | Slain by an ogre

Skill      XL: |  1  2  3  4  5 |
---------------+----------------+-----
Dodging        | 2 3 |  3.1
Fighting       | 1 |  1.0
Short Blades   | 1 |  1.7
Conjurations   | 2 |  2.0
Stealth        | |  1.8
Spellcasting   | |  2.7
Fire Magic     | |  3.7

Action                   |  1- 3 |  4- 6 || total
-------------------------+-------+-------++-------
Melee: Dagger            |    87 |    23 ||   110
       Unarmed           |     4 |       ||     4
       Tailslap          |     9 |     3 ||    12
       Short sword       |       |    37 ||    37
Throw: Tomahawk          |       |     1 ||     1
 Cast: Flame Tongue      |    54 |    58 ||   112
  Use: Scroll            |     4 |     2 ||     6
       Potion            |     1 |     4 ||     5
  Eat: Bread ration      |     1 |       ||     1
       Meat ration       |       |     1 ||     1
       Royal jelly       |       |     1 ||     1
       Fruit             |       |     1 ||     1
Armor: Skin              |    56 |    60 ||   116
Dodge: Dodged            |   138 |   105 ||   243
